 Dungeon Crawl Stone Soup version 0.30-a0-168-g0b976cbdc4 (webtiles) character file.

Game seed: 17167815393776092641

183 qw the Chopper (level 5, -1/32 HPs)
             Began as a Gargoyle Fighter on Sept 29, 2022.
             Shot with an arrow by a centaur (8 damage)
             ... on level 4 of the Dungeon.
             The game lasted 00:01:28 (2974 turns).

qw the Chopper (Gargoyle Fighter)                   Turns: 2974, Time: 00:01:28

Health: -1/32      AC: 10    Str: 22    XL:     5   Next: 62%
Magic:  5/5        EV:  9    Int:  8    God:
Gold:   9          SH:  4    Dex:  9    Spells: 4/4 levels left

rFire   . . .      SeeInvis .    Y - +1 war axe (venom)
rCold   . . .      Faith    .    c - +0 buckler
rNeg    + + .      Spirit   .    b - +0 scale mail
rPois   inf        Reflect  .    (no helmet)
rElec   +          Harm     .    (no cloak)
rCorr   .          Rampage  .    (no gloves)
Will    .....                    (no boots)
Stlth   ..........               o - amulet of regeneration
HPRegen 0.90/turn                n - ring of positive energy
MPRegen 0.09/turn                (no ring)

@: no status effects
A: sickness immunity, AC +4, negative energy resistance 1, electricity
resistance, torment resistance 1, petrification resistance
a: no special abilities


You were on level 4 of the Dungeon.
You visited 1 branch of the dungeon, and saw 4 of its levels.

You collected 106 gold pieces.
You spent 97 gold pieces at shops.


Innate Abilities, Weirdness & Mutations

You are immune to sickness and miasma.
Your stone body is resilient. (AC +4)
You are immune to poison.
You resist negative energy. (rN+)
You are resistant to electric shocks. (rElec)
You are resistant to unholy torment.
You are immune to petrification.


   Skills:
 + Level 3.6 Fighting
 - Level 5.0 Axes
 - Level 3.2 Armour
 - Level 3.2 Shields


You had 4 spell levels left.
You didn't know any spells.
Your spell library was empty.

Inventory:

Hand Weapons
 l - a +0 flail
 Y - a +1 war axe of venom (weapon)
Armour
 b - a +0 scale mail (worn)
 c - a +0 buckler (worn)
Jewellery
 n - a ring of positive energy (left hand)
 o - an amulet of regeneration (around neck)
Scrolls
 a - a scroll of identify
Potions
 d - 3 potions of might
 e - a potion of magic {unknown}
 f - a potion of resistance
 g - a potion of lignification
 h - 2 potions of curing
 i - a potion of attraction
 j - a potion of heal wounds
 k - a potion of haste

Dungeon Overview and Level Annotations

Branches:
Dungeon (4/15)
 Temple: D:4-7

Altars:
Makhleb
Ru

Shops:
D:3 ?


Message History

(1) D:2 (2) D:3 Assign waypoint to what number? (0-9, D - delete waypoint) Waypoint 1 re-assigned from D:2 to D:4.
An endoplasm comes into view.
The endoplasm quivers.
The endoplasm moves out of view.
Found a whip.
You hit the endoplasm.
The endoplasm is almost dead.
You block the endoplasm's attack.
You hit the endoplasm.
You kill the endoplasm!
Found a stone staircase leading down.
There is a stone staircase leading down here.
There is a stone staircase leading down here.
A centaur comes into view.
A phantom comes into view.
The centaur shouts!
The centaur wields a +0 shortbow.
The centaur shoots an arrow.
The arrow closely misses you.
The centaur shoots an arrow.
The arrow hits you.
The centaur shoots an arrow.
You block the arrow.
The centaur shoots an arrow.
The arrow hits you!
The centaur shoots an arrow.
The arrow closely misses you. The phantom hits you.
The phantom blinks!
You blink.
You barely miss the phantom.
The centaur shoots an arrow.
You block the arrow.
The phantom hits you but does no damage.
A kobold comes into view. It is wielding a +0 dagger.
The centaur shoots an arrow.
The arrow hits you but does no damage.
You miss the phantom.
The centaur shoots an arrow.
The arrow hits you.
The phantom hits you but does no damage.
The centaur shoots an arrow.
The arrow hits you but does no damage. The phantom hits you.
The phantom blinks!
You blink.
A scorpion and an iguana come into view.
Found an escape hatch in the floor.
The scorpion moves out of view.
You closely miss the phantom. The phantom hits you.
The phantom blinks!
You blink.
The centaur shoots an arrow.
The arrow hits you!
You die...

######.##..........
....................
######.............
.....>.............
#######...........#
#...........#
####...c.)..#
#........#
#....K.@W#
##.###..## #¤# #...#
> #.##.##..
....####...# ...
...l....¤..# ##..
###.######...# ... #
.# ###


You could see a phantom, a centaur and a kobold.

Vanquished Creatures
  An orc priest (D:3)
  An orc wizard (D:3)
  5 adders
  4 worms (D:3)
  3 dart slugs
  5 orcs (D:3)
  6 endoplasms
  2 giant cockroaches
  4 goblins
  5 hobgoblins
  6 quokkas
  3 ball pythons
  4 bats
  2 frilled lizards
  5 kobolds
  7 rats
63 creatures vanquished.

Notes
Turn   | Place    | Note
-------+----------+-------------------------------------------
     0 | D:1      | qw the Gargoyle Fighter began the quest for the Orb.
     0 | D:1      | Reached XP level 1. HP: 14/14 MP: 1/1
     0 | D:1      | 0 ||| qw: Version: 0.2-a-12-gaebbb33
     0 | D:1      | 0 ||| qw: Game counter: 1198
     0 | D:1      | 0 ||| qw: Always use a shield: true
     0 | D:1      | 0 ||| qw: God list: Okawaru
     0 | D:1      | 0 ||| qw: Allow faded altars: false
     0 | D:1      | 0 ||| qw: Do Orc after D:15 true
     0 | D:1      | 0 ||| qw: Do second Lair branch before Depths: true
     0 | D:1      | 0 ||| qw: Lair rune preference: random
     0 | D:1      | 0 ||| qw: Plans: Normal, Zot:1-4, God:TSO, Crypt, Tomb,
                  | Pan, Slime:5, Hells, Abyss, Orb
     0 | D:1      | 0 ||| PLANNING D:1-11
    81 | D:1      | Reached skill level 2 in Axes
   305 | D:1      | Reached XP level 2. HP: 19/19 MP: 2/2
   751 | D:1      | 751 ||| UPGRADING to ring of positive energy.
   752 | D:1      | 752 ||| READING scroll labelled KOKUHU BUSOXOE.
   755 | D:1      | 755 ||| READING scroll labelled RUKLAP NAORPH.
   756 | D:1      | 756 ||| READING scroll labelled NIECAE OJUOMM.
   757 | D:1      | 757 ||| READING scroll labelled SUMUPT ULIS.
   758 | D:1      | 758 ||| DRINKING 3 dark potions.
   792 | D:2      | 792 ||| STAIRDANCE
   813 | D:2      | Reached skill level 3 in Axes
   813 | D:2      | Reached XP level 3. HP: 12/23 MP: 3/3
   813 | D:2      | 813 ||| STAIRDANCE
  1034 | D:2      | Found a sacrificial altar of Ru.
  1115 | D:2      | 1115 ||| Stepping ~*~*~tactically~*~*~ (stealth).
  1117 | D:2      | 1117 ||| Stepping ~*~*~tactically~*~*~ (stealth).
  1276 | D:2      | 1276 ||| Stepping ~*~*~tactically~*~*~ (stealth).
  1277 | D:2      | 1277 ||| Stepping ~*~*~tactically~*~*~ (stealth).
  1279 | D:2      | 1279 ||| Stepping ~*~*~tactically~*~*~ (stealth).
  1611 | D:2      | Reached XP level 4. HP: 28/28 MP: 4/4
  1612 | D:2      | Found a faded altar of an unknown god.
  1743 | D:2      | 1743 ||| UPGRADING to amulet of regeneration.
  1748 | D:2      | 1748 ||| READING scroll labelled XISUGI BAFF.
  1749 | D:2      | 1749 ||| READING scroll labelled CEFANLY EVETO.
  1750 | D:2      | 1750 ||| DRINKING 2 metallic grey potions.
  1751 | D:2      | 1751 ||| DRINKING 2 sedimented ruby potions.
  1752 | D:2      | 1752 ||| READING scroll of teleportation.
  1838 | D:2      | 1838 ||| READING 2 scrolls of identify.
  1838 | D:2      | 1838 ||| IDENTIFYING fizzy coppery potion
  1845 | D:2      | 1845 ||| Stepping randomly (stuck).
  1846 | D:2      | 1846 ||| Stepping randomly (stuck).
  1847 | D:2      | 1847 ||| Stepping randomly (stuck).
  1848 | D:2      | 1848 ||| Stepping randomly (stuck).
  1854 | D:2      | 1854 ||| Stepping randomly (stuck).
  1855 | D:2      | 1855 ||| Stepping randomly (stuck).
  1856 | D:2      | 1856 ||| Stepping randomly (stuck).
  1885 | D:2      | 1885 ||| READING scroll labelled XIUMNEI VOPE.
  1925 | D:2      | 1925 ||| READING 2 scrolls of identify.
  1925 | D:2      | 1925 ||| IDENTIFYING lumpy purple potion
  1930 | D:2      | 1930 ||| Stepping randomly (stuck).
  1931 | D:2      | 1931 ||| Stepping randomly (stuck).
  1932 | D:2      | 1932 ||| Stepping randomly (stuck).
  1933 | D:2      | 1933 ||| Stepping randomly (stuck).
  1934 | D:2      | 1934 ||| Stepping randomly (stuck).
  1946 | D:2      | 1946 ||| Stepping randomly (stuck).
  1947 | D:2      | 1947 ||| Stepping randomly (stuck).
  1948 | D:2      | 1948 ||| Stepping randomly (stuck).
  1964 | D:2      | 1964 ||| Stepping randomly (stuck).
  1965 | D:2      | 1965 ||| Stepping randomly (stuck).
  1966 | D:2      | 1966 ||| Stepping randomly (stuck).
  1967 | D:2      | 1967 ||| Stepping randomly (stuck).
  1968 | D:2      | 1968 ||| Stepping randomly (stuck).
  1969 | D:2      | 1969 ||| Stepping randomly (stuck).
  1970 | D:2      | 1970 ||| Stepping randomly (stuck).
  1971 | D:2      | 1971 ||| Stepping randomly (stuck).
  1972 | D:2      | 1972 ||| Stepping randomly (stuck).
  1973 | D:2      | 1973 ||| Stepping randomly (stuck).
  1977 | D:2      | 1977 ||| Stepping randomly (stuck).
  1979 | D:2      | 1979 ||| Stepping randomly (stuck).
  1981 | D:2      | 1981 ||| Stepping randomly (stuck).
  1983 | D:2      | 1983 ||| Stepping randomly (stuck).
  1985 | D:2      | 1985 ||| Stepping randomly (stuck).
  1986 | D:2      | 1986 ||| Stepping randomly (stuck).
  1992 | D:2      | 1992 ||| Stepping randomly (stuck).
  1994 | D:2      | 1994 ||| Stepping randomly (stuck).
  1995 | D:2      | 1995 ||| Stepping randomly (stuck).
  1996 | D:2      | 1996 ||| Stepping randomly (stuck).
  1997 | D:2      | 1997 ||| Stepping randomly (stuck).
  2005 | D:2      | 2005 ||| DRINKING 2 lumpy ruby potions.
  2053 | D:3      | 2053 ||| Stepping ~*~*~tactically~*~*~ (hiding).
  2062 | D:3      | Reached skill level 4 in Axes
  2169 | D:3      | 2169 ||| Stepping ~*~*~tactically~*~*~ (hiding).
  2202 | D:3      | 2202 ||| DROPPING +0 whip.
  2206 | D:3      | Found a burning altar of Makhleb.
  2273 | D:3      | Found the +4 robe of Augmentation {Str+4 Int+4 Dex+4}
  2274 | D:3      | 2274 ||| Stepping ~*~*~tactically~*~*~ (stealth).
  2299 | D:3      | 2299 ||| FLEEEEING.
  2300 | D:3      | 2300 ||| FLEEEEING.
  2310 | D:3      | 2310 ||| FLEEEEING.
  2316 | D:3      | Reached XP level 5. HP: 31/32 MP: 5/5
  2514 | D:3      | Reached skill level 5 in Axes
  2725 | D:3      | Found Xodegi's Magic Scroll Emporium.
  2736 | D:3      | 2736 ||| BUYING scroll of enchant weapon (97 gold).
  2736 | D:3      | Bought a scroll of enchant weapon for 97 gold pieces
  2736 | D:3      | 2736 ||| SHOPLISTING scroll of enchant weapon (97 gold,
                  | have 9).
  2736 | D:3      | 2736 ||| SHOPLISTING scroll of identify (26 gold, have 9).
  2736 | D:3      | 2736 ||| SHOPLISTING scroll of teleportation (39 gold, have
                  | 9).
  2736 | D:3      | 2736 ||| READING scroll of enchant weapon.
  2736 | D:3      | 2736 ||| ENCHANTING +0 war axe of venom.
  2904 | D:3      | 2904 ||| READING scroll labelled JIENWU PEYSK.
  2967 | D:4      | Noticed a centaur
  2968 | D:4      | Noticed a phantom
  2974 | D:4      | HP: 7/32 [phantom (6)]
  2974 | D:4      | Shot with an arrow by a centaur

Levels and vault maps discovered:
D:1:      ncdulo_halloftheorcs, layout_loops_ring
D:2:      layout_loops_cross, ebering_ecumenical_altar_mist, basic_altar,
          hangedman_decor_points, grunt_decor_clamped, hex_tiny, minmay_puff
D:3:      layout_loops_ring, lightli_temple_of_fire, serial_shops,
          nicolae_shop_hallway_stairs, nicolae_wormholes
D:4:      layout_basic, minmay_vboxes

Skill      XL: |  1  2  3  4  5 |
---------------+----------------+-----
Axes           | 2 3 4 5 |  5.0
Fighting       | |  3.6
Armour         | |  3.2
Shields        | |  3.2

Action                   |  1- 3 |  4- 6 || total
-------------------------+-------+-------++-------
Melee: War axe           |   101 |    72 ||   173
  Use: Scroll            |     4 |     8 ||    12
       Potion            |     1 |     3 ||     4
Armor: Scale mail        |    46 |    22 ||    68
Dodge: Dodged            |    48 |    17 ||    65
Block: Buckler           |    20 |    13 ||    33

Table legend:
 A = Non-vault XP
 B = Vault XP
 C = Vault XP percentage of total XP
 D = Non-vault monster count
 E = Vault monster count
 F = Vault count percentage of total count
                 A         B        C        D         E       F
            +---------+---------+-------+---------+---------+-------
      Total |     235 |      27 |  10.3 |      55 |       8 |  12.7
            +---------+---------+-------+---------+---------+-------
        D:1 |      21 |       0 |   0.0 |      14 |       0 |   0.0
        D:2 |      67 |       7 |   9.5 |      19 |       4 |  17.4
        D:3 |     145 |      20 |  12.1 |      21 |       4 |  16.0
        D:4 |       2 |       0 |   0.0 |       1 |       0 |   0.0
            +---------+---------+-------+---------+---------+-------
